 Dungeon Crawl Stone Soup version 0.26.0-20-g3ca415f5b8 (webtiles) character file.

Game seed: 6360003421513862966

3263 thiole the Gusty (level 10, -3/65 HPs)
             Began as an Octopode Hedge Wizard on Jan 24, 2021.
             Was an Initiate of Gozag.
             Slain by a gnoll
             ... wielding a +0 spear
              (7 damage)
             ... on level 8 of the Dungeon.
             The game lasted 00:35:30 (9870 turns).

thiole the Gusty (Octopode Hedge Wizard)            Turns: 9870, Time: 00:35:30

Health: -3/65      AC:  2    Str: 10    XL:     10   Next: 0%
Magic:  9/9        EV: 15    Int: 19    God:    Gozag
Gold:   439        SH:  0    Dex: 12    Spells: 12/22 levels left

rFire    . . .     SeeInvis .   y - +9 hand axe of Freehold {antimagic, *Rage Will++}
rCold    . . .     Faith    .   (no shield)
rNeg     . . .     Spirit   .   b - +1 hat
rPois    .         Reflect  .   q - amulet of magic regeneration
rElec    .         Harm     .   i - ring of magical power
rCorr    .         Rampage  .   r - ring of willpower
Will     +++..     Rnd*Rage +   (no ring)
Stlth    ++++......             (no ring)
HPRegen  0.20/turn              (no ring)
MPRegen  0.36/turn              (no ring)
                                (no ring)
                                (no ring)

@: brilliant, gold aura, berserk cooldown, hasted and slowed
A: almost no armour, stealthy swim, amphibious, 8 rings, constrict 8, camouflage
1, gelatinous body 1
a: Renounce Religion, Potion Petition, Call Merchant, Bribe Branch


You were on level 8 of the Dungeon.
You worshipped Gozag.
Gozag was aware of your devotion.
You visited 1 branch of the dungeon, and saw 8 of its levels.

You collected 1258 gold pieces.
You paid 819 gold pieces to Gozag.

Inventory:

Hand Weapons
 a - a +1 dagger
 y - the +9 hand axe of Freehold (weapon) {antimagic, *Rage Will++}
   (You found it on level 5 of the Dungeon)

   It reduces the magical energy of the wielder, and disrupts the spells and
   magical abilities of those hit.
   Natural abilities and divine invocations are not affected.
   It affects your willpower, your defense against some magical effects.
   It may make you go berserk in combat.
Armour
 b - a +1 hat (worn)
Jewellery
 i - a ring of magical power (left tentacle)
 q - an amulet of magic regeneration (around mantle)
 r - a ring of willpower (right tentacle)
 C - an uncursed amulet of regeneration
Wands
 t - a wand of iceblast (7)
 x - a wand of random effects (11)
 A - a wand of enslavement (3)
Scrolls
 c - a scroll of enchant weapon
 e - a scroll of identify
 f - 2 scrolls of remove curse
 h - a scroll of enchant armour
 k - a scroll of fog
 m - 2 scrolls of amnesia
 p - a scroll of teleportation {unknown}
 v - a scroll of random uselessness {unknown}
 w - 3 scrolls of magic mapping {unknown}
 D - a scroll of blinking {unknown}
Potions
 d - 3 potions of magic
 g - a potion of attraction
 j - 2 potions of flight {unknown}
 l - 5 potions of curing {unknown}
 s - 2 potions of brilliance {unknown}
 u - a potion of heal wounds
 z - 3 potions of might {unknown}
 B - a potion of mutation
 E - a potion of degeneration {unknown}


   Skills:
 + Level 4.8 Fighting
 + Level 5.4 Dodging
 - Level 6.8 Stealth
 + Level 6.8 Spellcasting
 - Level 4.0 Conjurations
 - Level 2.0 Summonings
 - Level 1.0 Translocations
 + Level 6.9 Air Magic
 - Level 1.7 Poison Magic


You had 12 spell levels left.
You knew the following spells:

 Your Spells              Type           Power        Failure   Level
a - Magic Dart            Conj           100%         1%          1
b - Call Imp              Summ           21%          7%          2
d - Mephitic Cloud        Conj/Pois/Air  33%          5%          3
e - Airstrike             Air            24%          6%          4

Your spell library contained the following spells:

 Spells                   Type           Power        Failure   Level
 Shock                    Conj/Air       100%         1%          1
 Swiftness                Air            49%          1%          2
 Static Discharge         Conj/Air       41%          3%          3
 Animate Skeleton         Necr           18%          11%         1
 Pain                     Necr           36%          11%         1
 Blink                    Tloc           N/A          11%         2
 Conjure Flame            Conj/Fire      21%          14%         3
 Slow                     Hex            9%           16%         2
 Vampiric Draining        Necr           4%           30%         3
 Lightning Bolt           Conj/Air       20%          30%         5
 Animate Dead             Necr           4%           71%         4
 Agony                    Necr           9%           96%         5


Dungeon Overview and Level Annotations

Branches:
Dungeon (8/15)             Temple (0/1) D:4
   Lair: D:8-11

Altars:
Elyvilon
Gozag
Hepliaklqana
Makhleb
Nemelex Xobeh
Okawaru
Qazlal
Trog
Uskayaw
Wu Jian
Zin

Shops:
D:4 *((}   D:6 (   D:7 *


Innate Abilities, Weirdness & Mutations

You cannot wear most types of armour.
You are very stealthy in the water. (Stealth+)
You are amphibious.
You can wear up to eight rings at the same time.
You can use your tentacles to constrict eight enemies at once.
Your skin changes colour to match your surroundings (Stealth+).
Your rubbery body absorbs attacks. (AC +1, EV +1)


Message History

The centaur is no longer distracted by gold.
The gnoll is no longer distracted by gold. x2
The adder becomes distracted by the nearby gold, dreaming of imaginary riches.
The gnoll closely misses you.
The bullfrog skeleton becomes distracted by the nearby gold, dreaming of imaginary riches.
The gnoll becomes distracted by the nearby gold, dreaming of imaginary riches.
The gnoll shaman closely misses you.
The gnoll shouts!
The adder hisses angrily.
You hit the gnoll shaman. You squeeze the gnoll shaman.
You kill the gnoll shaman!
The adder is no longer distracted by gold.
The centaur wields a +0 shortbow.
The centaur shoots an arrow.
The arrow hits you!
* * * LOW HITPOINT WARNING * * *
The adder becomes distracted by the nearby gold, dreaming of imaginary riches.
The gnoll completely misses you.
The gnoll becomes distracted by the nearby gold, dreaming of imaginary riches.
The gnoll hits you from afar with a +0 spear!
You die...
Your body crumbles into a pile of gold.

#....$...§§.o....5.......
#........$...............
##........$..$...........
#........$...........
##........(.§§§......
..$.......§.§.......
.......$.###########
......$$.# ...####@## $
## #$# $


cSg ..Z.# ...g.# .....g. ........ .......... You could see a centaur, 3 gnolls,
an adder (unaware) and a bullfrog skeleton.

Vanquished Creatures
  A two-headed ogre (D:8)
  Joseph (D:7)
  2 water moccasins
  An ice beast (D:7)
  A sky beast (D:5)
  A hornet zombie (D:7)
  An ogre (D:7)
  A black bear (D:8)
  2 centaurs (D:6)
  2 bullfrogs
  A scorpion (D:6)
  3 killer bees (D:8)
  A wight (D:3)
  A howler monkey (D:7)
  A centaur zombie (D:7)
  2 bullfrog zombies
  2 orc priests
  4 hounds
  A jelly (D:6)
  A gnoll shaman (D:8)
  2 centaur skeletons
  3 orc wizards
  4 iguanas
  2 worker ants
  A howler monkey zombie (D:7)
  2 gnolls (D:7)
  14 adders
  4 white imps
  2 ufetubi
  2 oozes
  3 adder skeletons
  A worm (D:3)
  A dart slug (D:1)
  5 leopard geckos
  10 orcs
  6 bats
  6 giant cockroaches
  10 goblins
  6 hobgoblins
  9 jackals
  3 quokkas
  8 frilled lizards
  5 kobolds
  A leopard gecko zombie (D:6)
  A quokka skeleton (D:4)
  A quokka zombie (D:2)
  3 rats
  A butterfly (D:4)
146 creatures vanquished.

Vanquished Creatures (collateral kills)
  2 ice beasts
  A phantom (D:3)
  2 ogres
  4 wights
  A howler monkey (D:5)
  An iguana (D:5)
  An adder (D:6)
  A white imp (D:6)
  2 worms
  A leopard gecko (D:8)
  4 orcs
  3 goblins (D:4)
  3 hobgoblins (D:4)
26 creatures vanquished.

Vanquished Creatures (others)
  A wyvern (D:8)
  11 plants (D:2)
12 creatures vanquished.

Grand Total: 184 creatures vanquished

Notes
Turn   | Place    | Note
-------+----------+-------------------------------------------
     0 | D:1      | thiole the Octopode Hedge Wizard began the quest for the
                  | Orb.
     0 | D:1      | Reached XP level 1. HP: 11/11 MP: 4/4
     8 | D:1      | Noticed an electric eel
   324 | D:1      | Reached XP level 2. HP: 17/17 MP: 0/6
  1024 | D:2      | Reached XP level 3. HP: 21/21 MP: 4/7
  1449 | D:2      | Found an opulent altar of Gozag.
  1456 | D:2      | Became a worshipper of Gozag Ym Sagoz the Greedy
  1502 | D:2      | Learned a level 2 spell: Call Imp
  1505 | D:2      | Learned a level 2 spell: Blink
  1509 | D:2      | Learned a level 3 spell: Mephitic Cloud
  1699 | D:2      | Reached XP level 4. HP: 27/27 MP: 0/9
  2186 | D:2      | Reached skill level 1 in Air Magic
  2311 | D:2      | Reached XP level 5. HP: 31/31 MP: 5/10
  2872 | D:3      | Found a bloodstained altar of Trog.
  3180 | D:4      | Found Wyich's Weapon Emporium.
  3211 | D:4      | Found Qofon's Weapon Emporium.
  3238 | D:4      | Found Giny's Assorted Antiques.
  3359 | D:4      | Found Cirubae's Gadget Emporium.
  3390 | D:4      | Found a staircase to the Ecumenical Temple.
  3433 | D:4      | Reached XP level 6. HP: 26/36 MP: 11/11
  4021 | D:3      | Noticed a phantom
  4090 | D:3      | Killed a phantom
  4502 | D:3      | Found an ornate altar of the Wu Jian Council.
  4511 | D:3      | Noticed a spectral centipede
  4511 | D:3      | Noticed a spectral black mamba
  4511 | D:3      | Noticed a spectral cane toad
  5026 | D:3      | Reached XP level 7. HP: 28/41 MP: 13/13
  5121 | D:3      | Found a burning altar of Makhleb.
  5232 | D:5      | Entered Level 5 of the Dungeon
  5317 | D:5      | Reached skill level 5 in Stealth
  5878 | D:5      | Found a hide-covered altar of Uskayaw.
  5878 | D:5      | Found a hazy altar of Hepliaklqana.
  6026 | D:5      | Got a glimmering hand axe
  6027 | D:5      | Identified the +9 hand axe of Freehold {antimagic, *Rage
                  | Will++} (You found it on level 5 of the Dungeon)
  6296 | D:6      | Found a white marble altar of Elyvilon.
  6409 | D:6      | Reached XP level 8. HP: 46/46 MP: 4/15
  6455 | D:6      | Reached skill level 5 in Air Magic
  7020 | D:6      | Reached skill level 5 in Spellcasting
  7194 | D:6      | Reached skill level 1 in Poison Magic
  7391 | D:6      | Found Dodeel's Antique Weapon Shop.
  7441 | D:6      | HP: 2/47 [centaur/cursed -3 shortbow (8)]
  7443 | D:6      | Reached skill level 1 in Fighting
  7865 | D:7      | Found Zin's Purification Station.
  7865 | D:7      | Found a glowing silver altar of Zin.
  7889 | D:7      | Noticed Joseph
  8084 | D:7      | Learned a level 4 spell: Airstrike
  8413 | D:7      | Found a sparkling altar of Nemelex Xobeh.
  8863 | D:7      | Found a stormy altar of Qazlal.
  8931 | D:7      | Reached XP level 9. HP: 55/55 MP: 13/17
  9105 | D:7      | Found an iron altar of Okawaru.
  9302 | D:7      | Killed Joseph
  9553 | D:8      | Noticed a two-headed ogre
  9847 | D:8      | Killed a two-headed ogre
  9848 | D:8      | Reached skill level 5 in Dodging
  9853 | D:8      | HP: 1/88 [killer bee (5)]
  9867 | D:8      | Reached XP level 10. HP: 15/65 MP: 9/20
  9870 | D:8      | Slain by a gnoll

Illustrated notes

Levels and vault maps discovered:
D:1:      arrival_aquarium_a, layout_basic
D:2:      layout_rooms, nicolae_gozag_cash_rules_everything_around_me,
          serial_bayou_pond_c
D:3:      layout_rooms, old_standard_altar, pdpol_wu_jian_five_deadly_venoms,
          grunt_ministairs_1, makhleb_blood_cavern_becter
D:4:      layout_gridville, minmay_temple_entry_butterflies, serial_shops,
          nicolae_shop_stone, shop_statue, nicolae_shop_overgrown_old_shop,
          nicolae_shop_waterfront, minmay_goblin_outpost
D:5:      layout_basic, gammafunk_temple_overflow_wave, due_unseen_surprise
D:6:      layout_loops_cross, basic_altar, serial_shops, shop,
          minmay_misc_feat_plants, corexii_hall_statues_x
D:7:      layout_loops_cross, nemelex_xobeh_ov_fountains_minmay,
          marbit_many_paths, zin_purify, okawaru_altar_gauntlet_db,
          hangedman_decor_points, kennysheep_generic_room_7, uniq_joseph
D:8:      wander_kiku_kobolds, layout_basic, gammafunk_ghost_necromancy,
          enter_ossuary_2

Skill      XL: |  1  2  3  4  5  6  7  8  9 |
---------------+----------------------------+-----
Stealth        | 3 4 6 |  6.8
Conjurations   | 2 3 4 |  4.0
Summonings     | 2 |  2.0
Air Magic      | 1 2 3 4 5 6 |  6.9
Spellcasting   | 4 5 6 |  6.8
Poison Magic   | 1 |  1.7
Fighting       | 2 4 |  4.8
Dodging        | 3 5 |  5.4
Translocations | |  1.0

Action                   |  1- 3 |  4- 6 |  7- 9 | 10-12 || total
-------------------------+-------+-------+-------+-------++-------
Melee: Dagger            |    15 |    56 |    47 |       ||   118
       Constrict         |     3 |     6 |    13 |     1 ||    23
       Tentacles         |     2 |    11 |    10 |     1 ||    24
       Hand axe          |       |       |    46 |     4 ||    50
 Cast: Magic Dart        |    81 |   117 |    96 |       ||   294
       Call Imp          |       |    50 |    91 |       ||   141
       Mephitic Cloud    |       |     1 |    18 |       ||    19
       Blink             |       |       |     1 |       ||     1
       Airstrike         |       |       |    50 |       ||    50
Invok: Potion Petition   |       |       |     2 |       ||     2
Evoke: Wand              |       |       |     2 |       ||     2
  Use: Potion            |       |     2 |     4 |       ||     6
       Scroll            |       |     3 |    12 |       ||    15
 Stab: Sleeping          |       |     1 |     2 |       ||     3
       Distracted        |       |       |     2 |       ||     2
       Confused          |       |       |     1 |       ||     1
Armor: Skin              |     1 |     9 |     9 |       ||    19
Dodge: Dodged            |    24 |    37 |   111 |     5 ||   177
